Map: Terraform LE (Void)

Players

McLaren - Winner!

  • Race: Protoss Protoss
  • League: Bronze

Toons

  • Race: Terran Terran
  • League: Silver

VOD

Have the link to the VOD?

Description

Time

  • Played on: Aug. 4, 2015, 7:25 p.m.
  • Length: 6:31
Show
View Real Time Build Order
Export as new Build Order

McLaren Protoss - Winner!

Build Orders:  

Get SALT Encoding   

  12  0:02  Probe  
  13  0:14  Probe  
  13  0:20  Pylon  
  14  0:38  Probe (Chrono Boost)  
  14  0:42  Gateway  
  15  0:48  Probe (Chrono Boost)  
  16  0:57  Probe  
  16  0:58  Assimilator  
  17  1:09  Probe  
  17  1:11  Pylon  
  18  1:33  Probe  
  19  1:40  Cybernetics Core  
  19  1:46  Probe  
  20  1:48  Gateway  
  20  1:49  Gateway  
  20  1:51  Assimilator  
  20  1:58  Probe  
  21  2:08  Pylon  
  21  2:11  Probe  
  21  2:15  Stalker  
  22  2:16  Warp Gate (Chrono Boost)  
  24  2:26  Mothership Core  
  26  2:37  Gateway  
  26  2:40  Adept  
  28  3:07  Adept  
  30  3:22  Robotics Facility  
  30  3:25  Forge, Pylon  
  30  3:43  Twilight Council  
  28  4:25  Nexus  
  28  4:28  Assimilator  
  28  4:29  Assimilator  
  28  4:33  Pylon  
  26  4:41  Warp Prism  
  26  4:45  Protoss Ground Weapons Level 1 (Chrono Boost)  
  28  4:56  Sentry  
  28  4:57  Sentry x2  
  34  5:00  Zealot  
  36  5:19  Probe  
  37  5:31  Probe  
  37  5:32  Stalker, Zealot x2  
  37  5:33  Zealot  
  46  5:49  Probe (Chrono Boost)  
  47  5:55  Sentry x2  
  47  5:56  Zealot  
  53  6:01  Probe (Chrono Boost)  
  54  6:07  Probe (Chrono Boost)  
  55  6:11  Stalker  
  57  6:18  Stalker  
  57  6:19  Stalker  
Show
View Real Time Build Order
Export as new Build Order

Toons Terran 

Build Orders:  

Get SALT Encoding   

  12  0:01  SCV  
  13  0:13  SCV  
  14  0:18  Supply Depot  
  14  0:25  SCV  
  15  0:40  SCV, Barracks  
  16  0:46  Refinery  
  16  0:52  SCV  
  18  1:04  SCV  
  18  1:16  Supply Depot, SCV  
  19  1:28  Marine  
  20  1:36  Barracks  
  20  1:43  Barracks  
  20  1:47  SCV, Refinery  
  20  1:50  Reaper  
  22  1:59  SCV  
  23  2:14  SCV  
  24  2:31  Command Center  
  24  2:34  SCV  
  25  2:37  Supply Depot  
  25  2:41  Barracks Reactor  
  25  2:45  Barracks Reactor  
  25  2:47  Barracks Tech Lab  
  25  2:49  Barracks Reactor  
  24  3:08  Stimpack  
  26  3:13  Marauder  
  26  3:18  Marine x2  
  28  3:21  SCV  
  29  3:32  Bunker, Marine x2  
  31  3:37  Marine x2  
  31  3:38  Supply Depot  
  31  3:41  SCV  
  34  3:52  Bunker  
  34  4:07  Bunker  
  34  4:22  Supply Depot  
  34  4:26  Supply Depot, SCV  
  34  4:27  SCV  
  34  4:29  Marine, Marauder  
  34  4:30  Marine x2  
  36  4:45  Supply Depot  
  36  4:50  Orbital Command  
  36  5:01  SCV  
  37  5:07  Marine x2  
  37  5:10  Marine x2  
  41  5:25  SCV x2  
  43  5:38  Supply Depot  
  43  5:42  Engineering Bay  
  43  5:43  Marine x2  
  43  5:44  Marine x2  
  47  5:50  SCV x2  
  48  6:15  Refinery  
Tags
 
Add a new tag
Caveats
  • Supply blocks, unpowered buildings, or Contaminate may cause inaccurate times.
  • Supply counts are checked every 10 seconds.